AoeStats
← scottiemoe18

Arabia

503544358Analyzed
3v3 RM · 1mo ago on Sep 1, 2026· 48m 40s· 6 players
Game mode
Random Map
Map size
Normal (6 player)
Population
200
Speed
Normal
Resources
Standard
Victory
Conquest
Starting age
Dark Age
Ending age
Imperial Age
RankedLock teamsTeams togetherTeam positionsShared explorationLock speedFull tech treeHidden civsTurbo modeCheats
Victory
Defeat
🇧🇴 Muisca · Bolivia
851
+14
🇺🇸 Magyars · United States
847
+14
🇺🇸 Poles · United States
804
+16
🇺🇸 Gurjaras · United States
833
-16
🇺🇸 Bengalis · United States
809
-15
🇺🇸 Slavs · United States
761
-13
Rabbit Knight
9:00 Loom
12:08 Feudal Age
18:26 Castle Age
17:43 Horse Collar
17:50 Double-Bit Axe
20:13 Wheelbarrow
21:10 Scale Mail Armor
24:05 Chain Mail Armor
24:04 Forging
23:58 Squires
24:41 Arson
26:52 Iron Casting
29:00 Hand Cart
31:06 Bow Saw
30:59 Heavy Plow
35:09 Fletching
40:09 Bodkin Arrow
42:23 Ballistics
41:32 Crossbowman
42:18 Thumb Ring
44:56 Imperial Age
43:09 Murder Holes
42:55 Treadmill Crane
43:30 Padded Archer Armor
43:22 Elite Skirmisher
45:21 Arbalester
45:23 Elite Obuch
46:33 Conscription
46:52 Hoardings
46:25 Guard Tower
46:21 Arrowslits
47:37 Chemistry
46:51 Masonry
48:39 Keep
48:15 Fortified Wall
EL KEVIN
0:26 Loom
11:05 Feudal Age
11:14 Champi Runner
12:21 Scale Mail Armor
12:35 Forging
12:41 Scale Mail Armor
14:12 Double-Bit Axe
15:34 Horse Collar
21:45 Castle Age
20:55 Gold Mining
22:13 Champi Warrior
23:08 Squires
24:23 Iron Casting
25:20 Chain Mail Armor
29:12 Fletching
30:13 Bodkin Arrow
32:03 Bow Saw
34:39 Heavy Plow
35:45 Town Watch
37:10 Wheelbarrow
37:58 Herbalism
39:57 Gold Shaft Mining
40:26 Hand Cart
40:08 Stone Mining
40:57 Town Patrol
45:21 Imperial Age
45:12 Padded Archer Armor
45:24 Elite Champi Warrior
46:38 Plate Mail Armor
47:33 Bracer
47:49 Leather Archer Armor
kimp
5:54 Loom
12:20 Feudal Age
12:43 Horse Collar
12:49 Double-Bit Axe
20:31 Bloodlines
24:53 Castle Age
23:36 Gold Mining
23:54 Stone Mining
25:06 Wheelbarrow
25:47 Bow Saw
25:40 Heavy Plow
25:48 Husbandry
27:26 Gold Shaft Mining
27:34 Scale Mail Armor
27:40 Scale Barding Armor
27:01 Pikeman
28:38 Chain Mail Armor
30:49 Hand Cart
34:12 Chain Barding Armor
40:06 Imperial Age
41:26 Cavalier
43:39 Halberdier
44:30 Paladin
46:42 Plate Barding Armor
scottiemoe18
11:58 Feudal Age
22:12 Castle Age
21:03 Gold Mining
21:03 Stone Mining
21:15 Double-Bit Axe
23:22 Crossbowman
36:21 Murder Holes
39:07 Fletching
40:42 Ballistics
45:18 Light Cavalry
46:12 Bloodlines
47:44 Husbandry
WillOfTheGodz
11:11 Feudal Age
12:02 Loom
12:56 Wheelbarrow
12:50 Loom
18:41 Castle Age
23:36 Double-Bit Axe
26:22 Town Watch
lambojimbo
0:36 Loom
12:41 Feudal Age
13:20 Double-Bit Axe
14:51 Horse Collar
17:53 Bloodlines
22:43 Fletching
25:03 Castle Age
25:08 Light Cavalry
26:45 Wheelbarrow
25:57 Town Watch
26:27 Bow Saw
26:20 Heavy Plow
25:45 Crossbowman
27:06 Squires
31:20 Bodkin Arrow
31:26 Padded Archer Armor
31:38 Gold Mining
37:14 Murder Holes
40:22 Ballistics
40:21 Leather Archer Armor
40:16 Forging
44:29 Pikeman
Connection lost

Rejoining the realm…

Still unreachable

The connection could not be restored.

Session expired

The server has moved on; the page needs a fresh start.